 Dungeon Crawl Stone Soup version 0.25.1-2-g60ff931df9 (webtiles) character file.

Game seed: 3366182405218119683

275 nikku the Chiller (level 6, 0/32 HPs)
             Began as a Deep Elf Ice Elementalist on Dec 5, 2020.
             Succumbed to an adder's poison
             ... on level 3 of the Dungeon.
             The game lasted 00:12:58 (2923 turns).

nikku the Chiller (Deep Elf Ice Elementalist)       Turns: 2923, Time: 00:12:58

Health: 0/32       AC:  3    Str:  7    XL:     6   Next: 3%
Magic:  7/25       EV: 15    Int: 20    God:
Gold:   118        SH:  0    Dex: 15    Spells: 3/15 levels left

rFire    . . .     SeeInvis .   j - +0 war axe
rCold    . . .     Gourm    .   (no shield)
rNeg     . . .     Faith    .   a - +1 robe
rPois    .         Spirit   .   (no helmet)
rElec    .         Reflect  .   (no cloak)
rCorr    .         Harm     .   (no gloves)
MR       .....                  (no boots)
Stlth    ++........             (no amulet)
HPRegen  0.10/turn              i - +4 ring of slaying
MPRegen  0.19/turn              l - ring of magical power

@: lethally poisoned (0 -> -5), very slightly contaminated
A: no striking features
a: no special abilities


You were on level 3 of the Dungeon.
You were not hungry.

You visited 1 branch of the dungeon, and saw 3 of its levels.

You collected 118 gold pieces.

Inventory:

Hand Weapons
 j - a +0 war axe (weapon)
Missiles
 e - 61 stones (quivered)
Armour
 a - a +1 robe (worn)
 h - a +0 leather armour
Jewellery
 i - a +4 ring of slaying (left hand)
 l - a ring of magical power (right hand)
 n - an uncursed amulet of reflection {unknown}
Scrolls
 d - a scroll of immolation
 f - a scroll of identify
 o - a scroll of teleportation {unknown}
Potions
 b - a potion of haste {unknown}
 g - a potion of brilliance
 k - 3 potions of curing
Comestibles
 c - 8 rations
 m - 3 chunks of flesh


   Skills:
 + Level 4.7 Dodging
 - Level 2.4 Stealth
 + Level 5.4 Spellcasting
 + Level 0.0 Conjurations
 + Level 0.0 Summonings
 + Level 5.9 Ice Magic


You had 3 spell levels left.
You knew the following spells:

 Your Spells              Type           Power        Failure   Level  Hunger
a - Freeze                Ice            ####         1%          1    None
b - Hailstorm             Conj/Ice       ###.....     32%         4    ####...
c - Frozen Ramparts       Ice            ####..       3%          3    ##.....
d - Summon Ice Beast      Ice/Summ       ###.....     32%         4    ####...

Your spell library contained the following spells:

 Spells                   Type           Power        Failure   Level  Hunger
 Ozocubu's Armour         Chrm/Ice       ###.....     10%         3    ##.....


Dungeon Overview and Level Annotations

Branches:
Dungeon (3/15)

Altars:
The Shining One

Annotations:
D:3 Grinder


Message History

The wall freezes Grinder but do no damage.
Grinder gestures at you. Pain shoots through your body!
* * * LOW HITPOINT WARNING * * *
The wall freezes the adder.
The adder seems to slow down.
You can move again.
Grinder completely resists.
The wall freezes Grinder but do no damage.
Grinder gestures at you.
You shrug off the repeated paralysis!
The wall freezes the rat.
You kill the rat!
The adder bites you.
* * * LOW HITPOINT WARNING * * *
You are lethally poisoned!
The adder poisons you!
Grinder completely resists.
The wall freezes Grinder but do no damage.
Grinder barely misses you.
The frozen ramparts melt away.
You die...

####.##################
#.........÷............
###....#######...########
...........).'...#.......
###.#....#####...#.####.#
##+#....## #.....# #.#
#........####.....# #..
#.....S..+..####..######
#..(†.5@.#...# #........
......#######...###.#######
...... #........# .....
#.)......# ... #........#
[. #........# . ##.#.....+
#.#..<..# #.#.....#


You could see Grinder and an adder (slow).

Vanquished Creatures
  An orc warrior (D:2)
  An orc priest (D:3)
  An orc wizard (D:2)
  3 adders
  2 worms (D:2)
  3 dart slugs
  3 leopard geckos
  7 orcs
  A ball python (D:1)
  7 bats
  6 giant cockroaches
  6 goblins
  9 hobgoblins
  8 jackals
  A quokka (D:2)
  3 frilled lizards
  7 kobolds
  A quokka skeleton (D:2)
  8 rats
78 creatures vanquished.

Notes
Turn   | Place    | Note
-------+----------+-------------------------------------------
     0 | D:1      | nikku the Deep Elf Ice Elementalist began the quest for the
                  | Orb.
     0 | D:1      | Reached XP level 1. HP: 10/10 MP: 6/6
   278 | D:1      | Reached XP level 2. HP: 15/15 MP: 4/8
  1109 | D:2      | Reached XP level 3. HP: 19/19 MP: 10/10
  1315 | D:2      | Learned a level 3 spell: Frozen Ramparts
  1456 | D:2      | Found a glowing golden altar of the Shining One.
  1601 | D:2      | Reached skill level 5 in Ice Magic
  1836 | D:2      | Reached XP level 4. HP: 24/24 MP: 8/12
  1907 | D:2      | Noticed an orc warrior
  1963 | D:2      | Killed an orc warrior
  1963 | D:2      | Reached skill level 5 in Spellcasting
  1963 | D:2      | Reached XP level 5. HP: 26/28 MP: 6/14
  2391 | D:2      | Learned a level 4 spell: Hailstorm
  2396 | D:2      | Learned a level 4 spell: Summon Ice Beast
  2594 | D:3      | Reached XP level 6. HP: 32/32 MP: 16/16
  2899 | D:3      | Noticed Grinder
  2919 | D:3      | Paralysed by Grinder for 2 turns
  2922 | D:3      | HP: 1/32 [adder (4)]
  2923 | D:3      | Succumbed to an adder's poison

Illustrated notes

Levels and vault maps discovered:
D:1:      dpeg_arrival_central, layout_basic
D:2:      minmay_recursive_quarters, layout_loops_cross, minivault_23,
          nicolae_tso_swordbearing_angel
D:3:      layout_basic, lemuel_doored_altar, ashenzari_conservatory_becter,
          uniq_grinder

Skill      XL: |  1  2  3  4 |
---------------+-------------+-----
Dodging        | 3 4 |  4.7
Spellcasting   | 4 5 |  5.4
Ice Magic      | 5 |  5.9
Stealth        | |  2.4

Action                   |  1- 3 |  4- 6 || total
-------------------------+-------+-------++-------
Throw: Stone             |    50 |    59 ||   109
 Cast: Freeze            |    48 |    17 ||    65
       Frozen Ramparts   |     3 |    15 ||    18
       Summon Ice Beast  |       |     1 ||     1
  Use: Scroll            |     3 |     4 ||     7
  Eat: Chunk             |     3 |     4 ||     7
Armor: Robe              |     4 |       ||     4
Dodge: Dodged            |    15 |    10 ||    25
